 Dungeon Sprint DCSS version 0.15-a0-1224-g3833f9c (webtiles) character file.

167 Infinimo the Grappler (level 5, 0/45 HPs)
             Began as a Minotaur Monk on June 1, 2014.
             Was a Priest of Cheibriados.
             Killed by divine providence
             ... invoked by an orc priest
              (13 damage)
             ... in the Dungeon (Sprint VII: "The Pits").
             The game lasted 00:01:55 (353 turns).

Infinimo the Grappler (Minotaur Monk)                Turns: 353, Time: 00:01:56

HP   0/45        AC  2     Str 23      XL: 5   Next: 23%
MP   2/2         EV 14     Int 16      God: Cheibriados [***...]
Gold 0           SH  0     Dex 21      Spells:  0 memorised,  4 levels left

rFire  . . .     SeeInvis .       - Unarmed
rCold  . . .     Clarity  .     a - +0 robe
rNeg   . . .     rCorr    .     (no shield)
rPois  .         rRot     .     (helmet restricted)
rElec  .         Spirit   .     (no cloak)
SustAb .         Warding  .     (no gloves)
rMut   .         NoTele   +     (no boots)
Gourm  .                        (no amulet)
MR     .....                    (no ring)
                                (no ring)

@: very slightly contaminated, invisible, very slow, not resistant to hostile
enchantments, unstealthy
A: retaliatory headbutt, horns 2
a: Bend Time, Temporal Distortion, Renounce Religion


You were in the Dungeon.
You worshipped Cheibriados.
Cheibriados was most pleased with you.
You were not hungry.

You visited 1 branch

Inventory:

Armour
 a - a +0 robe (worn)
Comestibles
 b - 40 fruits
 d - 7 meat rations
 i - 7 bread rations
Scrolls
 h - a scroll of blinking
 k - 2 scrolls of vulnerability
 l - 3 scrolls of remove curse
 m - 5 scrolls of amnesia
 n - a scroll of summoning
Potions
 e - a potion of haste
 f - 4 potions of magic
 g - a potion of berserk rage
 j - a potion of invisibility


   Skills:
 + Level 3.6 Fighting
 - Level 3.2 Dodging
 - Level 1.5 Stealth
 * Level 12.1 Unarmed Combat


You had 4 spell levels left.
You didn't know any spells.

Dungeon Overview and Level Annotations

Branches:
Dungeon (1/1)

Altars:
Ashenzari
Cheibriados
Dithmenos
Elyvilon
Fedhas
Gozag
Kikubaaqudgha
Makhleb
Nemelex Xobeh
Okawaru
Qazlal
Sif Muna
Trog
Vehumet
Xom
Yredelemnul
Zin
The Shining One
Beogh
Jiyva
Lugonu


Innate Abilities, Weirdness & Mutations

You reflexively headbutt those who attack you in melee.
You have a pair of horns on your head.


Message History

A giant newt and an orc wizard come into view.
Press: ? - help, v - describe, . - travel The floor.
Unknown command.
The orc priest mumbles some strange prayers to Beogh against you.
Something smites you!
The orc priest calls down the wrath of Beogh upon you.
Something smites you!
* * * LOW HITPOINT WARNING * * *
A giant mite comes into view.
Unknown command.
Unknown command.
Drink which item? (? for menu, Esc to quit)
You fade into invisibility!
You are very lightly contaminated with residual magic.
Drink which item? (? for menu, Esc to quit)
You feel better.
The orc wizard moves out of view.
The orc priest calls down the wrath of Beogh upon you.
Something smites you!
You die...

#'#####'#####.....
#.#..#).# #.....
#.#..'..# ####'#
#.#.)#### #.....
#.#..# #.....
#.#..# #.....
#.##+# #...<. #.#
#..... #@# #.....
#'# #.....


#os ###### #o.# #... ##l## .o .# . You could see 3 orc priests, a giant mite and
a giant newt (wandering).

Vanquished Creatures
  A hungry ghost (D)
  A worker ant (D)
  A green rat (D)
  An adder (D)
  2 hobgoblins (D)
  A kobold (D)
7 creatures vanquished.

Vanquished Creatures (others)
  A draconian scorcher (D)
1 creature vanquished.

Grand Total: 8 creatures vanquished

Notes
Turn   | Place    | Note
--------------------------------------------------------------
     0 | D        | Infinimo, the Minotaur Monk, began the quest for the Orb.
     0 | D        | Reached XP level 1. HP: 19/19 MP: 1/1
    10 | D        | Noticed a hungry ghost
    10 | D        | Noticed an iguana
    13 | D        | Killed a yellow draconian scorcher
    41 | D        | Killed a hungry ghost
    41 | D        | Reached skill level 11 in Unarmed Combat
    41 | D        | Reached XP level 2. HP: 17/26 MP: 1/1
    41 | D        | Reached XP level 3. HP: 20/31 MP: 2/2
    41 | D        | Reached XP level 4. HP: 25/39 MP: 2/2
   184 | D        | Found a basalt altar of Yredelemnul.
   184 | D        | Found a glowing golden altar of the Shining One.
   184 | D        | Found a deep blue altar of Sif Muna.
   184 | D        | Found a burning altar of Makhleb.
   184 | D        | Found an ancient bone altar of Kikubaaqudgha.
   184 | D        | Found a glowing silver altar of Zin.
   185 | D        | Found a shadowy altar of Dithmenos.
   185 | D        | Found a bloodstained altar of Trog.
   185 | D        | Found a shattered altar of Ashenzari.
   185 | D        | Found a white marble altar of Elyvilon.
   185 | D        | Found a snail-covered altar of Cheibriados.
   185 | D        | Found a blossoming altar of Fedhas.
   185 | D        | Found a radiant altar of Vehumet.
   185 | D        | Found a shimmering altar of Xom.
   185 | D        | Found a sparkling altar of Nemelex Xobeh.
   185 | D        | Found a corrupted altar of Lugonu.
   185 | D        | Found a viscous altar of Jiyva.
   185 | D        | Found a roughly hewn altar of Beogh.
   185 | D        | Found an iron altar of Okawaru.
   191 | D        | Found a stormy altar of Qazlal.
   191 | D        | Found an opulent altar of Gozag.
   213 | D        | Became a worshipper of Cheibriados the Contemplative
   233 | D        | Reached XP level 5. HP: 41/45 MP: 2/2
   237 | D        | Noticed a worker ant
   238 | D        | Killed a worker ant
   238 | D        | Acquired Cheibriados' first power
   238 | D        | Reached skill level 12 in Unarmed Combat
   350 | D        | Noticed an orc priest
   350 | D        | Noticed an orc priest
   350 | D        | Noticed an orc priest
   351 | D        | Noticed an orc wizard
   353 | D        | Killed from afar by an orc priest

Action                   |  1- 3 |  4- 6 || total
-------------------------+-------+-------++-------
Melee: Unarmed           |    19 |     8 ||    27
  Use: Potion            |     1 |     2 ||     3
